 Dungeon Crawl Stone Soup version 0.30-a0-223-gcb0039aa0c (webtiles) character file.

Game seed: 8528418757247405276

121 qw the Chopper (level 5, -1/32 HPs)
             Began as a Gargoyle Fighter on Oct 9, 2022.
             Slain by a gnoll
             ... wielding a +0 vorpal halberd
              (2 damage)
             ... on level 3 of the Dungeon.
             The game lasted 00:00:42 (2155 turns).

qw the Chopper (Gargoyle Fighter)                   Turns: 2155, Time: 00:00:43

Health: -1/32      AC: 14    Str: 22    XL:     5   Next: 5%
Magic:  5/5        EV:  7    Int:  8    God:
Gold:   149        SH:  5    Dex: 15    Spells: 4/4 levels left

rFire   . . .      SeeInvis .    Y - +0 war axe
rCold   . . .      Faith    .    c - +0 buckler
rNeg    + . .      Spirit   .    l - +0 chain mail
rPois   inf        Reflect  .    f - +0 helmet
rElec   +          Harm     .    (no cloak)
rCorr   .          Rampage  .    (no gloves)
Will    .....                    (no boots)
Stlth   ..........               (no amulet)
HPRegen 0.25/turn                g - +6 ring of dexterity
MPRegen 0.09/turn                (no ring)

@: no status effects
A: sickness immunity, AC +4, negative energy resistance 1, electricity
resistance, torment resistance 1, petrification resistance
a: no special abilities


You were on level 3 of the Dungeon.
You visited 1 branch of the dungeon, and saw 3 of its levels.

You collected 149 gold pieces.


Innate Abilities, Weirdness & Mutations

You are immune to sickness and miasma.
Your stone body is resilient. (AC +4)
You are immune to poison.
You resist negative energy. (rN+)
You are resistant to electric shocks. (rElec)
You are resistant to unholy torment.
You are immune to petrification.


   Skills:
 - Level 3.2 Fighting
 - Level 4.3 Axes
 + Level 0.9 Throwing
 - Level 3.2 Armour
 - Level 0.3 Dodging
 - Level 3.2 Shields


You had 4 spell levels left.
You didn't know any spells.
Your spell library was empty.

Inventory:

Hand Weapons
 e - a +0 whip
 Y - a +0 war axe (weapon)
Missiles
 p - 4 javelins (quivered)
Armour
 c - a +0 buckler (worn)
 f - a +0 helmet (worn)
 l - a +0 chain mail (worn)
Jewellery
 b - a ring of fire
 g - a +6 ring of dexterity (left hand)
Scrolls
 a - 2 scrolls of identify
 n - a scroll of teleportation
 o - 2 scrolls of torment {unknown}
Potions
 d - a potion of might
 h - a potion of lignification {unknown}
 i - a potion of resistance {unknown}
 j - 3 potions of curing
 k - a potion of degeneration {unknown}
 m - 2 potions of flight {unknown}

Dungeon Overview and Level Annotations

Branches:
Dungeon (3/15)

Altars:


Message History

The dart slug launches a dart at you.
The slug dart hits you but does no damage.
You hit the dart slug.
You kill the dart slug! 3 gnolls come into view.
A gnoll is wielding a +0 vorpal halberd.
The gnoll shouts! x2
Enter note:
Enter note:
Enter note:
2145 ||| Stepping ~*~*~tactically~*~*~ (hiding).
You start waiting.
A gnoll is nearby!
You closely miss the gnoll. The gnoll hits you but does no damage.
You closely miss the gnoll. The gnoll hits you with a +0 whip.
You block the gnoll's attack.
You closely miss the gnoll.
The gnoll hits you from afar with a +0 halberd.
You block the gnoll's attack.
You barely miss the gnoll. The gnoll closely misses you.
The gnoll barely misses you. You block the gnoll's attack.
You slash the gnoll!
The gnoll is heavily wounded.
The gnoll hits you but does no damage. The gnoll closely misses you.
You slash the gnoll!
You kill the gnoll!
The gnoll closely misses you.
You have reached level 5!
You block the gnoll's attack.
The gnoll hits you with a +0 vorpal halberd!
Things that are here:
a +0 whip; 3 gold pieces You hit the gnoll.
The gnoll is lightly wounded.
The gnoll hits you from afar with a +0 halberd.
You block the gnoll's attack.
The gnoll hits you with a +0 vorpal halberd.
You die...

#..###### #..# ####
#..# #... 8..8 #..#
.... #..# ..#####..##
.....gg...# #@.# #..#
#..## #...# ##.## ##
#.# ##########. #.#
#........#. #.#
#.##.###.#.
#######.#####.##.......


You could see 2 gnolls.

Vanquished Creatures
  3 adders (D:2)
  4 gnolls
  A worm (D:2)
  3 dart slugs (D:3)
  5 ball pythons
  2 endoplasms (D:1)
  A giant cockroach (D:3)
  3 goblins (D:1)
  2 hobgoblins (D:1)
  4 jackals (D:1)
  4 kobolds
  2 quokkas (D:1)
  6 bats
  4 frilled lizards
  4 rats (D:1)
48 creatures vanquished.

Vanquished Creatures (others)
  A fungus (D:1)
1 creature vanquished.

Grand Total: 49 creatures vanquished

Notes
Turn   | Place    | Note
-------+----------+-------------------------------------------
     0 | D:1      | qw the Gargoyle Fighter began the quest for the Orb.
     0 | D:1      | Reached XP level 1. HP: 14/14 MP: 1/1
     0 | D:1      | 0 ||| qw: Version: 0.2-a-17-g06abaee
     0 | D:1      | 0 ||| qw: Game counter: 2184
     0 | D:1      | 0 ||| qw: Always use a shield: true
     0 | D:1      | 0 ||| qw: God list: Okawaru
     0 | D:1      | 0 ||| qw: Allow faded altars: false
     0 | D:1      | 0 ||| qw: Do Orc after D:15 true
     0 | D:1      | 0 ||| qw: Do second Lair branch before Depths: true
     0 | D:1      | 0 ||| qw: Lair rune preference: random
     0 | D:1      | 0 ||| qw: Plans: Normal, Zot:1-4, God:TSO, Crypt, Tomb,
                  | Pan, Slime:5, Hells, Abyss, Orb
     0 | D:1      | 0 ||| PLANNING D:1-11
    50 | D:1      | Reached skill level 2 in Axes
    96 | D:1      | Reached XP level 2. HP: 19/19 MP: 2/2
   137 | D:1      | 137 ||| Stepping ~*~*~tactically~*~*~ (stealth).
   148 | D:1      | 148 ||| Stepping ~*~*~tactically~*~*~ (stealth).
   281 | D:1      | Found a faded altar of an unknown god.
   303 | D:1      | Reached skill level 3 in Axes
   381 | D:1      | Reached XP level 3. HP: 23/23 MP: 3/3
   774 | D:1      | 774 ||| UPGRADING to +0 helmet.
   779 | D:1      | 779 ||| READING scroll labelled BOAPPI VOCAEPN.
   782 | D:1      | 782 ||| READING scroll labelled HAEJAU XUVAM.
  1057 | D:2      | 1057 ||| Stepping ~*~*~tactically~*~*~ (hiding).
  1062 | D:2      | Reached XP level 4. HP: 28/28 MP: 4/4
  1064 | D:2      | Reached skill level 4 in Axes
  1516 | D:2      | 1516 ||| UPGRADING to +0 chain mail.
  1526 | D:2      | 1526 ||| DROPPING +0 scale mail.
  1527 | D:2      | 1527 ||| UPGRADING to +6 ring of dexterity.
  1528 | D:2      | 1528 ||| READING 2 scrolls labelled WUEJEN WAAROTS.
  1529 | D:2      | 1529 ||| DRINKING 4 puce potions.
  1571 | D:3      | 1571 ||| Stepping ~*~*~tactically~*~*~ (hiding).
  1696 | D:3      | 1696 ||| Stepping ~*~*~tactically~*~*~ (stealth).
  1727 | D:3      | 1727 ||| Stepping ~*~*~tactically~*~*~ (hiding).
  1897 | D:3      | Found a faded altar of an unknown god.
  2145 | D:3      | 2145 ||| Stepping ~*~*~tactically~*~*~ (hiding).
  2154 | D:3      | Reached XP level 5. HP: 22/32 MP: 5/5
  2155 | D:3      | HP: 6/32 [gnoll/+0 halberd (5)]
  2155 | D:3      | HP: 1/32 [gnoll/+0 vorpal halberd (5)]
  2155 | D:3      | Slain by a gnoll

Levels and vault maps discovered:
D:1:      lemuel_arrival_muddy, layout_basic, shapermc_ecumenical_altar_ellora
D:2:      layout_loops_ring, minmay_misc_feat_rows, dreamdust_wishing_well
D:3:      minmay_chambers_of_twos, layout_loops_ring, grunt_gozag_breadcrumbs,
          nicolae_overflow_ecumenical_swirl, dk_noncrumbling_2, uniq_natasha

Skill      XL: |  1  2  3  4 |
---------------+-------------+-----
Axes           | 2 3 4 |  4.3
Fighting       | |  3.2
Throwing       | |  0.9
Armour         | |  3.2
Dodging        | |  0.3
Shields        | |  3.2

Action                   |  1- 3 |  4- 6 || total
-------------------------+-------+-------++-------
Melee: War axe           |    87 |    59 ||   146
Throw: Javelin           |       |     3 ||     3
  Use: Scroll            |     2 |     1 ||     3
       Potion            |       |     1 ||     1
Armor: Scale mail        |    50 |    19 ||    69
       Chain mail        |       |    18 ||    18
Dodge: Dodged            |    40 |    22 ||    62
Block: Buckler           |    14 |    16 ||    30

Table legend:
 A = Non-vault XP
 B = Vault XP
 C = Vault XP percentage of total XP
 D = Non-vault monster count
 E = Vault monster count
 F = Vault count percentage of total count
                 A         B        C        D         E       F
            +---------+---------+-------+---------+---------+-------
      Total |     173 |       0 |   0.0 |      48 |       0 |   0.0
            +---------+---------+-------+---------+---------+-------
        D:1 |      44 |       0 |   0.0 |      27 |       0 |   0.0
        D:2 |      96 |       0 |   0.0 |      13 |       0 |   0.0
        D:3 |      33 |       0 |   0.0 |       8 |       0 |   0.0
            +---------+---------+-------+---------+---------+-------
